 Dungeon Crawl Stone Soup version 0.14.1-24-gbdbe590 (webtiles) character file.

782 Kenran the Basher (level 7, -4/41 HPs)
             Began as a Gargoyle Fighter on June 20, 2014.
             Was an Initiate of Okawaru.
             Slain by Prince Ribbit (9 damage)
             ... on Level 5 of the Dungeon.
             The game lasted 00:14:38 (4160 turns).

Kenran the Basher (Gargoyle Fighter)                Turns: 4160, Time: 00:14:38

HP  -4/41        AC 12     Str 19      XL: 7   Next: 44%
MP   7/7         EV  6     Int  9      God: Okawaru [......]
Gold 170         SH  0     Dex 11      Spells:  0 memorised,  6 levels left

rFire  . . .     SeeInvis .     a - +1,+0 flail
rCold  . . .     Clarity  .     b - +0 scale mail
rNeg   + . .     Conserve .     c - +1 shield
rPois  +         rCorr    .     v - +0 helmet
rElec  +         rRot     +     (no cloak)
SustAb . .       Spirit   .     (no gloves)
rMut   .         Warding  .     (no boots)
Saprov . . .     Stasis   .     (no amulet)
MR     .....                    (no ring)
                                (no ring)

@: confused, not resistant to hostile enchantments, extremely unstealthy
A: life protection 1, electricity resistance, unbreathing, petrification
resistance, AC +4
a: Renounce Religion


You were on level 5 of the Dungeon.
You worshipped Okawaru.
Okawaru was noncommittal.
You were hungry.

You visited 1 branch of the dungeon, and saw 5 of its levels.

You collected 170 gold pieces.

Inventory:

Hand weapons
 a - a +1,+0 flail (weapon)
Armour
 b - a +0 scale mail (worn)
 c - a +1 shield (worn)
 v - a +0 helmet (worn)
Magical devices
 n - a wand of confusion (13) {unknown}
 q - a wand of hasting (4) {unknown}
 s - a wand of paralysis (6) {unknown}
Comestibles
 d - 5 bread rations
Scrolls
 g - 3 scrolls of identify
 j - a scroll of blinking
 l - 6 scrolls of remove curse
 r - 2 scrolls of fear
Potions
 e - 2 potions of might
 h - a potion of restore abilities
 k - 3 potions of resistance
 m - a potion of lignification {unknown}
 o - a potion of poison {unknown}
 p - a potion of heal wounds {unknown}
 u - a potion of agility {unknown}


   Skills:
 - Level 3.2 Fighting
 + Level 8.8 Maces & Flails
 - Level 3.2 Armour
 - Level 3.2 Shields


You had 6 spell levels left.
You didn't know any spells.

Dungeon Overview and Level Annotations

Branches:
Dungeon (5/15)
 Temple: D:4-7

Altars:
Okawaru
The Shining One

Annotations:
D:5 Prince Ribbit


Innate Abilities, Weirdness & Mutations

You are resistant to torment.
You are immune to poison.
You are immune to rotting.
Your stone body is very resilient (AC +4).
You resist negative energy.
You are resistant to electric shocks.
You can survive without breathing.
You are immune to petrification.


Message History

Prince Ribbit hits you.
Prince Ribbit hits you but does no damage.
You miss Prince Ribbit.
Prince Ribbit is heavily wounded.
Prince Ribbit hits you but does no damage.
Prince Ribbit momentarily phases out as your attack passes through him.
Prince Ribbit is heavily wounded.
You block Prince Ribbit's attack. Prince Ribbit hits you!
* * * LOW HITPOINT WARNING * * *
You miss Prince Ribbit.
Prince Ribbit is heavily wounded.
You block Prince Ribbit's attack.
You miss Prince Ribbit.
Prince Ribbit is heavily wounded.
Prince Ribbit hits you!
* * * LOW HITPOINT WARNING * * *
Drink which item? (? for menu, Esc to quit)
You are confused.
It was a potion of confusion.
Prince Ribbit blinks!
Prince Ribbit hits you!
You die...

.# #.##.#.# .# #.####.#
.### #.# #.# ...## #.# #..
...)####.###### #
##..........#### #####.###
#............?####.........
##.###.###.##.#F).%)...#
#.# #.# #.....@#####..#
#.###.###.....ยง# #
#..............#
#.#######......# #.#
#......#####..# #.#
#.####.......# #.# #.#
########.# #.#######.#
#.........#


You could see Prince Ribbit.

Vanquished Creatures
  A phantom (D:4)
  Sigmund (D:4)
  A centaur (D:3)
  3 orc priests
  2 orc wizards
  2 worker ants
  4 adders
  2 giant mites (D:2)
  An inept feature mimic (D:3)
  3 worms
  16 orcs
  6 giant cockroaches
  11 goblins
  8 hobgoblins
  2 jackals (D:3)
  13 kobolds
  2 ball pythons
  6 bats
  6 giant newts
  2 quokkas
  14 rats
106 creatures vanquished.

Notes
Turn   | Place    | Note
--------------------------------------------------------------
     0 | D:1      | Kenran, the Gargoyle Fighter, began the quest for the Orb.
     0 | D:1      | Reached XP level 1. HP: 14/14 MP: 1/1
   237 | D:1      | Reached XP level 2. HP: 19/19 MP: 2/2
   665 | D:1      | Reached XP level 3. HP: 23/23 MP: 3/3
   992 | D:2      | Reached skill level 4 in Maces & Flails
  1298 | D:2      | Reached XP level 4. HP: 28/28 MP: 4/4
  1602 | D:2      | Reached skill level 5 in Maces & Flails
  1995 | D:3      | Noticed a centaur
  2010 | D:3      | Killed a centaur
  2010 | D:3      | Reached skill level 6 in Maces & Flails
  2010 | D:3      | Reached XP level 5. HP: 6/32 MP: 5/5
  2511 | D:3      | Reached XP level 6. HP: 24/37 MP: 6/6
  2520 | D:3      | Reached skill level 7 in Maces & Flails
  3160 | D:4      | Found a glowing golden altar of the Shining One.
  3179 | D:4      | Noticed Sigmund
  3189 | D:4      | Killed Sigmund
  3484 | D:5      | Entered Level 5 of the Dungeon
  3516 | D:4      | Reached skill level 8 in Maces & Flails
  3516 | D:4      | Reached XP level 7. HP: 41/41 MP: 7/7
  3547 | D:4      | Found an iron altar of Okawaru.
  3561 | D:4      | Became a worshipper of Warmaster Okawaru
  3913 | D:5      | Noticed Prince Ribbit
  4160 | D:5      | Slain by Prince Ribbit

Action                   |  1- 3 |  4- 6 |  7- 9 || total
-------------------------+-------+-------+-------++-------
Melee: Flail             |   115 |   240 |    83 ||   438
  Use: Scroll            |     4 |     5 |     1 ||    10
       Potion            |       |     1 |     9 ||    10
